 Dungeon Crawl Stone Soup version 0.18-a0-1028-g6e46bd4 (webtiles) character file.

191 Reinor the Poker (level 5, -2/33 HPs)
             Began as a Tengu Gladiator on Jan 9, 2016.
             Was an Initiate of Ru.
             Slain by sefie's ghost (4 damage)
             ... in a sewer.
             The game lasted 00:09:05 (2273 turns).

Reinor the Poker (Tengu Gladiator)                  Turns: 2273, Time: 00:09:05

Health: -2/33      AC:  5    Str: 15    XL:     5   Next: 70%
Magic:  6/6        EV: 13    Int: 10    God:    Ru [......]
Gold:   74         SH:  0    Dex: 14    Spells: 0 memorised, 4 levels left

rFire  . . .     SeeInvis +     a - +0 trident
rCold  + . .     Gourm    .     e - +2 robe {rC+}
rNeg   . . .     Faith    .     (no shield)
rPois  .         Spirit   .     c - +1 hat
rElec  .         Dismiss  .     (no cloak)
rCorr  .         Reflect  .     (no gloves)
SustAt .         Harm     .     (boots unavailable)
MR     .....                    (no amulet)
Stlth  +.........               (no ring)
                                (no ring)

@: very slightly contaminated, hasted, invisible, very quick, not resistant to
hostile enchantments, very unstealthy
A: beak, talons 3, see invisible, robust 1, wild magic 1, able to fly 1
a: Fly, Renounce Religion


You were in a sewer.
You worshipped Ru.
Ru was noncommittal.
You were hungry.

You visited 1 branch of the dungeon, and saw 3 of its levels.
You also visited: Sewer.

You collected 74 gold pieces.

Inventory:

Hand Weapons
 a - a +0 trident (weapon)
Missiles
 d - 3 throwing nets (quivered)
Armour
 c - a +1 hat (worn)
 e - a +2 robe of cold resistance (worn)
Scrolls
 j - a scroll of remove curse
Potions
 b - a potion of might
 g - 2 potions of brilliance
Comestibles
 f - 2 bread rations
 h - 2 meat rations
 l - 3 chunks of flesh


   Skills:
 - Level 2.0 Fighting
 * Level 6.8 Polearms
 - Level 2.0 Throwing
 - Level 3.2 Dodging


You had 4 spell levels left.
You didn't know any spells.

Dungeon Overview and Level Annotations

Branches:
Dungeon (3/15)

Altars:
Fedhas
Ru

Annotations:
Sewer sefie's ghost, amateur DDNe


Innate Abilities, Weirdness & Mutations

You have a beak for a mouth.
You have claws for feet.
You can fly.
You have supernaturally acute eyesight.
You are robust (+10% HP).
Your spells are a little harder to cast, but a little more powerful.


Message History

A kobold comes into view. It is wielding a dagger.
Drink which item? (? for menu, Esc to quit)
It was a potion of haste.
You feel yourself speed up. The jackal barely misses you.
The jackal bites you but does no damage.
Sefie's ghost barely misses you.
You are very lightly contaminated with residual magic.
Drink which item? (? for menu, Esc to quit)
It was a potion of mutation.
You feel extremely strange.
You feel robust.
You feel less in control of your magic.
Your vision sharpens.
The jackal bites you.
* * * LOW HITPOINT WARNING * * *
The jackal bites you.
* * * LOW HITPOINT WARNING * * *
Drink which item? (? for menu, Esc to quit)
It was a potion of invisibility.
You fade into invisibility!
The jackal bites you but does no damage.
Sefie's ghost hits you.
You die...

#####
#..(#
#h@.#
#.≈..hW.#
#.≈.KKK.#
≈.≈≈.#####
##.≈. #.≈
#. ##


You could see sefie's ghost, 2 jackals and 3 kobolds.

Vanquished Creatures
  A centaur (D:3)
  4 adders
  A river rat (D:3)
  An ooze (D:1)
  3 giant geckos
  5 giant cockroaches
  7 goblins
  7 hobgoblins
  4 jackals (D:1)
  6 kobolds
  6 bats
  A giant newt (D:2)
  8 rats
54 creatures vanquished.

Notes
Turn   | Place    | Note
--------------------------------------------------------------
     0 | D:1      | Reinor the Tengu Gladiator began the quest for the Orb.
     0 | D:1      | Reached XP level 1. HP: 12/12 MP: 2/2
   248 | D:1      | Reached XP level 2. HP: 14/17 MP: 3/3
   254 | D:1      | Reached skill level 4 in Polearms
   361 | D:1      | Reached XP level 3. HP: 12/21 MP: 4/4
  1076 | D:2      | Reached skill level 5 in Polearms
  1347 | D:2      | Reached XP level 4. HP: 22/26 MP: 5/5
  1355 | D:2      | Found a sacrificial altar of Ru.
  1359 | D:2      | Became a worshipper of Ru the Awakened
  1935 | D:3      | Noticed a centaur
  1939 | D:3      | Killed a centaur
  1939 | D:3      | Reached skill level 6 in Polearms
  1939 | D:3      | Gained mutation: You can fly. [Tengu growth]
  1939 | D:3      | Reached XP level 5. HP: 10/30 MP: 6/6
  2109 | D:3      | Found a blossoming altar of Fedhas.
  2256 | D:3      | Found a glowing drain.
  2260 | Sewer    | Entered a sewer
  2260 | Sewer    | Noticed sefie's ghost (amateur DDNe)
  2272 | Sewer    | Gained mutation: You are robust (+10% HP). [potion of mutation]
  2272 | Sewer    | Gained mutation: Your spells are a little harder to cast, but a little more powerful. [potion of mutation]
  2272 | Sewer    | Gained mutation: You have supernaturally acute eyesight. [potion of mutation]
  2273 | Sewer    | Slain by sefie's ghost

Vault maps used:
D:1:      dpeg_arrival_renting, columned_hall_lemuel
D:2:      marbit_many_paths, st_stairs_6, wad_floor_pattern_untrapped
D:3:      nicolae_dithmenos_shadow_blocks, overflow_temple_1_default,
          lemuel_crystal_altar, gup_sewer_entry_spiral, first_bread,
          uniq_natasha
Sewer:    sewer_the_crocodile

Action                   |  1- 3 |  4- 6 || total
-------------------------+-------+-------++-------
Melee: Trident           |    98 |    62 ||   160
 Abil: Fly               |       |     1 ||     1
  Use: Scroll            |     2 |     4 ||     6
       Potion            |     1 |     3 ||     4
 Stab: Sleeping          |     1 |       ||     1
  Eat: Chunk             |     1 |     3 ||     4
